 Dungeon Crawl Stone Soup version 0.26-b1-32-g5d43845318 (webtiles) character file.

Game seed: 6269165907499254232

406 theswoord the Chopper (level 6, -1/50 HPs)
             Began as a Demonspawn Monk on Jan 13, 2021.
             Was a Follower of Uskayaw.
             Splashed by a jelly's acid (9 damage)
             ... on level 4 of the Dungeon.
             The game lasted 00:06:56 (4697 turns).

theswoord the Chopper (Demonspawn Monk)             Turns: 4697, Time: 00:06:58

Health: -1/50      AC:  3    Str: 13    XL:     6   Next: 56%
Magic:  6/6        EV:  3    Int: 12    God:    Uskayaw [*.....]
Gold:   126        SH:  0    Dex: 15    Spells: 5/5 levels left

rFire    . . .     SeeInvis .   a - +1 hand axe
rCold    . . .     Faith    .   (no shield)
rNeg     . . .     Spirit   .   v - +1 plate armour
rPois    .         Reflect  .   (no helmet)
rElec    .         Harm     .   (no cloak)
rCorr    .         Rampage  .   (no gloves)
Will     +....                  g - +0 pair of boots
Stlth    ..........             (no amulet)
HPRegen  0.16/turn              s - ring of willpower
MPRegen  0.10/turn              (no ring)

@: corroded
A: rugged brown scales 3, demonic guardian 1
a: Renounce Religion, Stomp


You were on level 4 of the Dungeon.
You worshipped Uskayaw.
Uskayaw was noncommittal.
You visited 1 branch of the dungeon, and saw 4 of its levels.
You also visited: Sewer.

You collected 126 gold pieces.

Inventory:

Hand Weapons
 a - a +1 hand axe (weapon)
Armour
 b - a +0 robe
 g - a +0 pair of boots (worn)
 n - a +0 pair of boots
 o - a +2 robe of fire resistance
 v - a +1 plate armour (worn)
Jewellery
 s - a ring of willpower (left hand)
 t - a cursed ring of teleportation {unknown}
Scrolls
 d - a scroll of identify {unknown}
 e - a scroll of remove curse {unknown}
 i - 2 scrolls of teleportation
 l - 4 scrolls of immolation
Potions
 c - 4 potions of heal wounds {unknown}
 f - a potion of brilliance {unknown}
 h - 3 potions of curing
 j - 2 potions of resistance {unknown}
 k - a potion of berserk rage {unknown}
 p - a potion of invisibility {unknown}
 r - a potion of cancellation {unknown}
 u - a potion of degeneration {unknown}
 w - a potion of magic {unknown}


   Skills:
 - Level 3.0 Fighting
 + Level 6.8 Axes
 - Level 2.6 Dodging
 - Level 1.7 Stealth


You had 5 spell levels left.
You didn't know any spells.
Your spell library was empty.

Dungeon Overview and Level Annotations

Branches:
Dungeon (4/15)              Sewer (visited)
 Temple: D:4-7

Altars:
Cheibriados
Uskayaw


Innate Abilities, Weirdness & Mutations

You are completely covered in rugged brown scales. (AC +3, +7% HP)
A weak demonic guardian rushes to your aid.


Message History

The jelly hits you but does no damage.
You hit the jelly but do no damage. The acid corrodes you!
Your hands burn!
* * * LOW HITPOINT WARNING * * *
The jelly is heavily wounded.
The jelly hits you.
* * * LOW HITPOINT WARNING * * *
You are splashed with acid.
* * * LOW HITPOINT WARNING * * *
You can no longer pass through a line of other dancers.
You hit the jelly but do no damage. The acid corrodes you!
Your hands burn!
* * * LOW HITPOINT WARNING * * *
The jelly is heavily wounded.
The jelly barely misses you.
You hit the jelly.
Your hands burn!
* * * LOW HITPOINT WARNING * * *
The jelly is severely wounded.
The jelly hits you.
* * * LOW HITPOINT WARNING * * *
You are splashed with acid!
You die...

#.##.#.##.#######
#####.##.#..[.).<...#
............#.#####.#
###.#.##.#.##.# #.#
#.#.##......# ##.#
#.#......#### #..#
#.###.....# #.##
###.# #.....#
####.#### ....#
#.....# #.@.....#
.#### ....# #J##.##.#
.# ... #. #..#.# .#
#. ##.#.# .#
#.###.#.# .#####
#.......# .#...
#####.####### .#.#
#..........# ...#
#.##.##.##.#


You could see a jelly.

Vanquished Creatures
  An ogre (D:4)
  A bullfrog (Sewer)
  An orc priest (D:4)
  An orc wizard (D:4)
  A worker ant (D:2)
  An adder (Sewer)
  A river rat (D:3)
  10 oozes
  An adder skeleton (D:4)
  2 dart slugs
  13 leopard geckos
  6 orcs
  9 ball pythons
  13 giant cockroaches
  4 goblins
  8 hobgoblins
  A quokka (D:4)
  2 bats (D:1)
  18 frilled lizards
  8 kobolds
  A leopard gecko zombie (D:4)
  6 rats
109 creatures vanquished.

Vanquished Creatures (collateral kills)
  An orc wizard (D:3)
  A ball python (Sewer)
2 creatures vanquished.

Vanquished Creatures (others)
  4 plants (D:2)
4 creatures vanquished.

Grand Total: 115 creatures vanquished

Notes
Turn   | Place    | Note
-------+----------+-------------------------------------------
     0 | D:1      | theswoord the Demonspawn Monk began the quest for the Orb.
     0 | D:1      | Reached XP level 1. HP: 18/18 MP: 1/1
   197 | D:1      | Reached skill level 3 in Axes
   197 | D:1      | Gained mutation: You are partially covered in rugged brown
                  | scales. (AC +1, +3% HP) [demonic ancestry]
   197 | D:1      | Reached XP level 2. HP: 10/24 MP: 2/2
  1331 | D:2      | Gained mutation: You are mostly covered in rugged brown
                  | scales. (AC +2, +5% HP) [demonic ancestry]
  1331 | D:2      | Reached XP level 3. HP: 23/30 MP: 3/3
  1455 | D:2      | Found a snail-covered altar of Cheibriados.
  1466 | D:2      | Reached skill level 4 in Axes
  2390 | D:3      | Reached XP level 4. HP: 36/36 MP: 4/4
  2426 | D:3      | Found a hide-covered altar of Uskayaw.
  2437 | D:3      | Became a worshipper of Uskayaw the Reveller
  2437 | D:3      | Reached * piety under Uskayaw
  2557 | D:3      | Reached ** piety under Uskayaw
  2662 | D:3      | Found a glowing drain.
  2666 | Sewer    | Entered a sewer
  2675 | Sewer    | Reached *** piety under Uskayaw
  2717 | Sewer    | Reached skill level 5 in Axes
  3012 | Sewer    | Gained mutation: A weak demonic guardian rushes to your
                  | aid. [demonic ancestry]
  3012 | Sewer    | Reached XP level 5. HP: 43/43 MP: 5/5
  3513 | D:3      | Reached skill level 6 in Axes
  3808 | D:3      | Gained mutation: You are completely covered in rugged brown
                  | scales. (AC +3, +7% HP) [demonic ancestry]
  3808 | D:3      | Reached XP level 6. HP: 28/50 MP: 6/6
  4084 | D:4      | Reached **** piety under Uskayaw
  4697 | D:4      | Splashed by a jelly's acid

Skill      XL: |  1  2  3  4  5 |
---------------+----------------+-----
Axes           | 3 4 5 6 |  6.8
Fighting       | |  3.0
Dodging        | |  2.6
Stealth        | |  1.7

Action                   |  1- 3 |  4- 6 || total
-------------------------+-------+-------++-------
Melee: Hand axe          |   121 |   289 ||   410
  Use: Scroll            |     2 |     3 ||     5
       Potion            |       |     1 ||     1
 Stab: Sleeping          |     5 |     3 ||     8
       Paralysed         |       |     9 ||     9
       Distracted        |       |     1 ||     1
Armor: Robe              |    17 |    96 ||   113
       Plate armour      |       |    35 ||    35
Dodge: Dodged            |    83 |   197 ||   280

Levels and vault maps discovered:
D:1:      lightli_arrival_noodles, layout_loops_corners
D:2:      layout_basic, kennysheep_slug_shrine, serial_bayou,
          serial_bayou_ford_a, serial_bayou_shore_b, serial_bayou_pond_e,
          serial_bayou_pond_c, serial_bayou_pond_a, serial_bayou_pond_c,
          minmay_tetromino_l2
D:3:      layout_basic, lemuel_crystal_altar, gup_sewer_entry_bowl
D:4:      layout_loops_cross, trog_eyes_of_draining
